Map: Blackpink LE

Players

SpeCial - Winner!

  • Race: Terran Terran
  • Spawn Location: 7:00

Snute

  • Race: Zerg Zerg
  • Spawn Location: 1:00

Event: WCS Leipzig 2018

VOD

Have the link to the VOD?

Description

Time

  • Played on: Jan. 27, 2018, 1:35 p.m.
  • Length: 23:08

All games in this series

Show
View Real Time Build Order
Export as new Build Order

SpeCial Terran - Winner!

Build Orders: Gas First Reaper Expand, Reaper Expand, Bio Tank, Hellion Banshee 

Get SALT Encoding   

  12  0:00  SCV  
  13  0:12  SCV  
  14  0:17  Supply Depot  
  14  0:25  SCV  
  15  0:28  Refinery  
  15  0:39  SCV  
  16  0:44  Barracks  
  16  0:51  SCV  
  17  1:03  SCV  
  18  1:15  SCV  
  19  1:32  Orbital Command, Reaper  
  20  1:41  Command Center  
  20  1:53  Factory  
  20  1:58  SCV  
  21  2:06  Barracks Reactor  
  21  2:10  SCV  
  21  2:14  Supply Depot  
  22  2:18  Refinery  
  22  2:22  SCV  
  23  2:35  SCV  
  24  2:44  Starport  
  24  2:47  SCV  
  24  2:49  Hellion x2  
  29  2:53  Barracks Tech Lab  
  29  2:55  Orbital Command  
  29  2:59  SCV  
  30  3:10  Hellion x2  
  30  3:12  SCV  
  35  3:22  SCV  
  35  3:24  SCV  
  37  3:28  Supply Depot  
  37  3:29  Medivac  
  37  3:33  Armory  
  37  3:34  SCV  
  40  3:37  SCV  
  43  3:41  Hellion  
  43  3:43  Hellion  
  45  3:48  SCV  
  45  3:51  SCV, Supply Depot  
  45  3:54  Cloaking Field  
  47  4:02  SCV  
  48  4:03  SCV  
  49  4:10  Hellion  
  49  4:12  Hellion  
  49  4:13  Barracks Tech Lab  
  49  4:14  SCV, Supply Depot  
  54  4:19  Banshee  
  54  4:21  SCV  
  58  4:26  SCV  
  59  4:32  Marine, Stimpack  
  59  4:33  SCV  
  59  4:38  SCV, Supply Depot  
  62  4:45  SCV  
  62  4:50  SCV  
  60  4:53  Command Center  
  60  4:57  SCV  
  60  4:59  Marine  
  56  5:03  SCV  
  56  5:04  Banshee  
  50  5:10  SCV  
  51  5:14  Factory Reactor  
  51  5:15  SCV, Supply Depot  
  51  5:17  Marine  
  51  5:20  Barracks  
  53  5:22  SCV  
  53  5:25  Barracks  
  53  5:27  SCV  
  55  5:29  Refinery x2  
  55  5:33  Engineering Bay  
  55  5:35  Engineering Bay  
  55  5:36  SCV  
  55  5:39  SCV  
  55  5:41  Marine  
  58  5:48  SCV  
  59  5:51  SCV  
  59  5:56  Starport Reactor  
  60  6:00  SCV  
  60  6:03  SCV  
  62  6:07  Orbital Command  
  62  6:12  SCV  
  62  6:15  SCV, Terran Infantry Weapons Level 1, Terran Infantry Armor Level 1  
  62  6:17  Marine  
  62  6:18  Marine, Siege Tank  
  61  6:25  SCV  
  62  6:27  SCV  
  60  6:34  SCV  
  60  6:36  Marine x4  
  60  6:37  SCV, Marine  
  60  6:39  SCV, Medivac  
  67  6:43  Medivac  
  70  6:49  SCV  
  70  6:51  SCV  
  70  6:52  Supply Depot  
  72  6:54  Marine x4  
  72  6:55  Orbital Command, Marine  
  72  7:01  SCV  
  77  7:04  SCV  
  78  7:10  Siege Tank  
  78  7:12  Marine x4  
  78  7:13  SCV, Marine  
  78  7:14  Combat Shields  
  87  7:16  SCV  
  88  7:25  SCV  
  89  7:30  SCV x2, Marine x3  
  89  7:31  Marine  
  89  7:32  Refinery, Supply Depot, Marine  
  89  7:35  Medivac x2  
  100  7:37  SCV  
  100  7:42  SCV x2  
  100  7:47  Marine x2  
  100  7:48  Marine  
  100  7:49  SCV, Marine  
  100  7:50  Barracks x2  
  105  7:54  SCV  
  105  7:57  SCV  
  105  8:01  Refinery, SCV, Siege Tank  
  105  8:02  Marine  
  105  8:05  Marine  
  110  8:06  SCV  
  110  8:08  Supply Depot  
  110  8:09  SCV  
  110  8:11  Terran Infantry Weapons Level 2, Terran Infantry Armor Level 2  
  113  8:21  Marine x4  
  113  8:26  Supply Depot, Terran Vehicle Weapons Level 1  
  117  8:30  SCV x2, Marine  
  117  8:33  Siege Tank  
  123  8:37  SCV, Factory  
  125  8:41  Liberator x2  
  125  8:44  Marine  
  125  8:45  Barracks Reactor  
  125  8:46  Supply Depot, Barracks Reactor  
  125  8:47  SCV, Marine x3  
  118  8:57  Supply Depot  
  118  8:59  Marine  
  118  9:02  SCV, Marine  
  127  9:05  Marine, Siege Tank  
  130  9:12  Supply Depot x2  
  130  9:14  Marine x2  
  131  9:17  Marine  
  131  9:20  Marine  
  131  9:21  Marine x2  
  131  9:23  Marine  
  136  9:25  Factory Tech Lab  
  136  9:26  Command Center, Marine x2  
  138  9:32  Marine x2  
  138  9:34  Marine  
  138  9:37  Siege Tank  
  138  9:38  Marine  
  145  9:39  Marine x2  
  145  9:41  Marine  
  145  9:44  Medivac x2, Marine x2  
  154  9:49  Marine x2  
  154  9:52  Siege Tank, Marine  
  159  9:56  Marine  
  159  9:57  Marine  
  159  9:58  Marine x2  
  162  10:01  Marine  
  162  10:02  Marine  
  164  10:07  Marine  
  164  10:11  Barracks, Marine x2  
  164  10:13  Barracks, Marine  
  165  10:17  Barracks, Siege Tank  
  165  10:26  Medivac x2, Marine x4  
  173  10:28  Terran Infantry Weapons Level 3, Terran Infantry Armor Level 3  
  173  10:32  Marine x3  
  173  10:37  Marine x2  
  173  10:40  Orbital Command  
  174  10:44  Marine x2  
  174  10:47  Siege Tank  
  174  10:48  Marine  
  174  10:49  Marine  
  181  10:50  Marauder  
  181  10:56  Medivac x2, Marine  
  184  11:03  Marine  
  184  11:04  Marine  
  180  11:06  Siege Tank  
  180  11:09  Orbital Command  
  180  11:11  Marine x2  
  180  11:16  Marine x2  
  180  11:17  Marine  
  174  11:19  Marine  
  174  11:20  SCV  
  167  11:25  Starport x2  
  167  11:26  Medivac x2, Marine x3  
  167  11:30  Marine  
  167  11:31  Refinery x2  
  175  11:36  Marine x3  
  175  11:39  Marine x2  
  180  11:45  Marine  
  180  11:47  Marine x2  
  180  11:48  Marine  
  182  11:54  Barracks Tech Lab x2, Marine  
  182  11:56  Viking x2  
  182  11:57  Marine  
  188  12:05  Supply Depot  
  188  12:06  Siege Tank  
  185  12:19  Starport Reactor  
  185  12:21  Starport Reactor  
  185  12:22  Marine x2  
  174  12:23  Marine x2, Marauder  
  174  12:24  Marauder  
  182  12:36  Marine, Marauder  
  174  12:37  Siege Tank  
  174  12:38  Command Center, Siege Tank  
  174  12:40  Medivac x2, Marine  
  181  12:44  Marine  
  181  12:45  Marine x2, Marauder  
  176  12:54  Marine x2, Marauder  
  178  12:59  Marine x2  
  180  13:08  Viking, Terran Ship Weapons Level 1  
  180  13:09  Viking x3  
  180  13:12  Marine x2  
  190  13:15  Viking  
  190  13:17  Marauder  
  190  13:19  Viking  
  196  13:26  Supply Depot  
  196  13:35  Marine  
  196  13:36  Marine  
  196  13:37  Marine  
  196  13:39  Marauder x3  
  194  13:44  Marine  
  194  13:47  Marine  
  187  13:48  Marine  
  187  13:55  Viking x2  
  192  13:57  Marine x2  
  192  13:58  Marine x2  
  192  14:00  Marine, Marauder  
  192  14:01  Marine  
  190  14:20  Marine x4, Marauder  
  190  14:22  Marauder, Siege Tank x2  
  198  14:24  Medivac  
  198  14:28  Barracks Tech Lab, Ghost Academy  
  199  14:33  Marine  
  199  14:35  Planetary Fortress  
  199  14:36  Armory  
  199  14:46  Marine  
  199  14:52  Marine x4, Marauder  
  196  14:53  Marine  
  196  14:54  Siege Tank, Marine  
  196  14:55  Marauder  
  196  14:56  Marine  
  197  15:00  Marine, Marauder  
  197  15:04  Command Center  
  200  15:09  Marine  
  200  15:12  Marine x2  
  192  15:14  Moebius Reactor, Marauder  
  192  15:16  Marauder  
  193  15:21  Marine x2, Marauder  
  193  15:22  Marine  
  193  15:23  Marauder  
  193  15:25  Factory  
  200  15:29  Command Center  
  200  15:31  Terran Vehicle Weapons Level 2  
  186  15:38  Marine x3, Marauder  
  186  15:41  Siege Tank, Marine  
  186  15:42  Marauder  
  165  15:43  Marine x2, Marauder  
  165  15:45  Marine x2  
  165  15:46  Marauder  
  165  15:48  Siege Tank  
  153  15:55  Marine  
  154  15:59  Marauder  
  154  16:02  Marine  
  154  16:03  Marine, Marauder  
  147  16:05  Marauder  
  126  16:14  Marine  
  126  16:15  Marauder  
  126  16:16  Concussive Shells  
  119  16:20  Marine  
  119  16:21  Marauder  
  119  16:23  Liberator  
  119  16:25  Siege Tank  
  122  16:29  Marine x2, Marauder  
  122  16:32  Liberator  
  124  16:33  Marine x2, Marauder  
  124  16:34  Marine  
  124  16:36  Marauder  
  124  16:38  Siege Tank  
  123  16:44  Marine x2  
  123  16:45  Marauder  
  130  16:53  Marine  
  130  16:54  Marauder  
  135  16:55  Marauder  
  135  16:57  Thor  
  135  16:59  Marine  
  135  17:00  Marauder  
  143  17:05  Marine  
  144  17:10  Siege Tank  
  144  17:14  Marine x4  
  144  17:15  Marauder, Marine x3  
  156  17:16  Orbital Command  
  156  17:17  Marine  
  156  17:18  Marauder  
  156  17:19  Medivac x2  
  156  17:21  Medivac  
  165  17:23  Planetary Fortress, Marine, Marauder  
  165  17:24  SCV  
  170  17:31  SCV  
  170  17:32  Marine  
  170  17:33  Marine x3, Marauder  
  170  17:36  Marauder  
  178  17:37  Marine  
  178  17:38  Marine  
  178  17:39  Marauder  
  178  17:40  Siege Tank, Marine  
  178  17:42  SCV, Siege Tank  
  178  17:43  SCV  
  191  17:44  Marauder  
  191  17:47  Medivac x3  
  191  17:49  Marine  
  199  17:55  Marine  
  200  18:04  Factory, Marauder  
  200  18:08  Medivac x2  
  193  18:12  Marine  
  193  18:13  Marine x2, Marauder  
  193  18:15  Marauder  
  200  18:26  Marine x2  
  200  18:27  Marauder, Marine  
  190  18:28  Terran Vehicle Weapons Level 3, Marauder, Marine x2  
  190  18:31  Marine x2  
  197  18:34  Marauder, Marine  
  197  18:40  Ghost Academy  
  200  18:48  Command Center  
  199  18:50  Factory Tech Lab  
  199  18:54  Marine, Marauder  
  196  19:00  Barracks  
  196  19:01  Barracks  
  196  19:02  Barracks  
  196  19:04  Barracks  
  196  19:06  Marine, Marauder  
  196  19:07  Marine  
  196  19:08  Marine  
  196  19:09  Marauder  
  200  19:15  Siege Tank  
  192  19:18  Marine, Marauder  
  192  19:21  Marine  
  192  19:22  Marine x3, Marauder  
  192  19:24  Marine  
  197  19:28  Marauder, Siege Tank  
  197  19:30  Marauder  
  200  19:38  Marine  
  192  19:39  Marine x2  
  192  19:40  Viking, Medivac x2, Marauder  
  192  19:41  Marine  
  192  19:43  Marine  
  192  19:44  Refinery  
  200  19:45  Refinery  
  200  19:46  Missile Turret  
  200  20:04  Marine  
  200  20:11  Marine, Marauder  
  200  20:14  Factory Tech Lab, Marine, Marauder  
  187  20:18  Marine, Marauder  
  188  20:26  Marine, Marauder  
  188  20:27  Marine x3  
  191  20:31  Siege Tank x2, Marine x2  
  191  20:33  Marauder  
  191  20:34  Marine  
  187  20:36  Marine, Marauder  
  187  20:40  Marauder  
  177  20:44  Marine  
  177  20:45  Marine x3  
  177  20:48  Marauder  
  177  20:49  Marine x2  
  164  20:50  Marine  
  164  20:51  Marine x4  
  164  20:53  Marine  
  164  20:54  Marauder  
  164  20:56  Marine  
  163  21:01  Marauder, Marine  
  163  21:03  Marine x2  
  165  21:07  Marine x2  
  165  21:08  Siege Tank  
  165  21:09  Marauder  
  167  21:13  Marine x2  
  167  21:15  Marauder x2  
  171  21:19  Marine x2  
  171  21:22  Marauder  
  166  21:30  Marauder  
  166  21:32  Marine  
  142  21:36  Marauder  
  142  21:37  Marine x6, Marauder  
  136  21:44  Siege Tank, Marine x3, Marauder  
  133  21:52  Marauder  
  128  21:55  Marine  
  128  21:57  Marine  
  128  21:58  Marine, Marauder  
  123  22:01  Marine  
  123  22:02  Marauder  
  123  22:04  Marine  
  123  22:05  Siege Tank, Marine, Marauder  
  123  22:07  Marine x3  
  123  22:08  Marine x2  
  136  22:09  Marine  
  136  22:12  Orbital Command  
  136  22:13  Marine x2  
  136  22:15  SCV x4, Marine  
  144  22:18  Marine x2  
  147  22:24  Viking x2  
  147  22:25  Marine x2  
  147  22:26  Marauder  
  147  22:28  SCV x2  
  158  22:34  Marine  
  158  22:35  Marauder  
  158  22:36  Marine  
  163  22:37  Marauder  
  163  22:42  Marauder  
Show
View Real Time Build Order
Export as new Build Order

Snute Zerg 

Build Orders: Pool First 

Get SALT Encoding   

  12  0:00  Drone  
  13  0:12  Overlord  
  13  0:17  Drone  
  14  0:31  Drone x2  
  14  0:34  Drone  
  17  0:45  Spawning Pool  
  17  0:47  Drone  
  17  1:07  Hatchery  
  17  1:10  Drone  
  17  1:13  Drone  
  17  1:15  Extractor  
  17  1:18  Drone  
  18  1:31  Queen  
  18  1:32  Zergling x2  
  21  1:38  Overlord  
  21  1:49  Drone  
  22  2:00  Drone  
  23  2:07  Queen  
  25  2:11  Drone  
  25  2:15  Metabolic Boost  
  26  2:19  Queen  
  26  2:20  Drone  
  26  2:22  Drone  
  29  2:32  Drone  
  29  2:33  Overlord  
  30  2:39  Drone x3  
  30  2:41  Drone  
  34  2:48  Drone  
  35  2:53  Drone  
  35  2:58  Drone  
  37  3:03  Hatchery  
  36  3:07  Overlord  
  36  3:11  Queen  
  38  3:14  Drone x2  
  38  3:18  Queen  
  42  3:22  Drone x2  
  42  3:26  Drone x2  
  46  3:28  Drone  
  46  3:29  Drone  
  48  3:34  Overlord  
  48  3:35  Zergling x2  
  49  3:42  Zergling x2  
  49  3:47  Zergling x4  
  52  3:51  Overlord  
  52  3:55  Queen x2  
  54  4:01  Zergling x8  
  54  4:02  Overlord  
  60  4:07  Overlord  
  60  4:09  Drone x2  
  62  4:17  Queen  
  62  4:20  Drone x4  
  62  4:21  Drone  
  69  4:31  Drone x3  
  71  4:35  Roach Warren  
  71  4:37  Zergling x6  
  73  4:44  Overlord  
  70  4:52  Drone x4  
  72  4:53  Drone  
  70  5:01  Drone x3  
  70  5:02  Drone  
  71  5:08  Overlord  
  71  5:16  Roach x7  
  71  5:20  Zergling x6  
  88  5:27  Extractor x2  
  88  5:28  Drone x2  
  88  5:29  Evolution Chamber x2  
  88  5:30  Drone  
  88  5:32  Extractor  
  88  5:33  Extractor  
  88  5:34  Extractor  
  88  5:35  Spore Crawler x2  
  83  5:39  Spore Crawler  
  83  5:42  Zergling x2  
  82  5:43  Zergling x6  
  83  5:50  Zergling x2  
  83  5:51  Zergling x4  
  86  6:00  Drone x2  
  86  6:01  Drone x3  
  86  6:03  Drone  
  92  6:04  Drone  
  92  6:07  Drone  
  91  6:13  Drone x2  
  91  6:14  Drone x2  
  91  6:17  Drone  
  91  6:18  Ravager x2, Drone x2  
  95  6:24  Drone x3  
  94  6:26  Drone x2  
  94  6:31  Drone x2  
  91  6:33  Lair  
  91  6:37  Drone x4  
  89  6:41  Extractor x2  
  89  6:42  Drone x2  
  89  6:43  Drone x2  
  89  6:47  Extractor  
  89  6:49  Zerg Ground Armor Level 1  
  89  6:53  Spore Crawler  
  87  6:58  Drone x3  
  90  7:01  Zerg Missile Weapons Level 1  
  90  7:03  Roach  
  90  7:06  Hatchery  
  91  7:09  Overlord  
  91  7:10  Drone x2  
  91  7:11  Roach x3  
  99  7:17  Roach  
  99  7:18  Roach x2  
  99  7:21  Overlord x2  
  105  7:32  Overseer, Glial Reconstitution  
  105  7:33  Roach  
  105  7:34  Roach x3  
  111  7:45  Roach  
  111  7:46  Roach x5  
  111  7:48  Infestation Pit  
  111  7:50  Overlord  
  124  7:51  Roach x3  
  128  8:07  Overlord x2  
  128  8:08  Overlord  
  128  8:09  Hatchery  
  127  8:14  Roach x6  
  138  8:25  Hive  
  138  8:27  Spire  
  138  8:30  Roach  
  138  8:31  Roach x4  
  147  8:34  Spore Crawler  
  144  8:46  Roach x9  
  162  8:54  Overlord x2  
  162  8:57  Zerg Ground Armor Level 2  
  162  9:13  Extractor  
  162  9:14  Overlord x2  
  162  9:15  Roach x8  
  176  9:17  Extractor  
  176  9:18  Overlord  
  176  9:23  Drone  
  176  9:24  Drone x6  
  182  9:31  Overlord  
  182  9:32  Queen x2  
  182  9:33  Spore Crawler  
  185  9:42  Greater Spire  
  185  9:45  Ravager x6  
  188  9:47  Drone x2  
  189  9:57  Zerg Missile Weapons Level 2  
  189  9:59  Roach x5  
  198  10:07  Ravager  
  193  10:15  Zergling x2  
  193  10:16  Zergling x22  
  193  10:21  Overlord  
  193  10:29  Corruptor x3  
  197  10:42  Corruptor  
  185  10:59  Roach x9  
  185  11:01  Brood Lord x3  
  191  11:09  Roach x5  
  190  11:18  Brood Lord  
  177  11:20  Roach  
  177  11:21  Roach x3  
  183  11:30  Zerg Ground Armor Level 3  
  183  11:34  Ravager x2  
  183  11:37  Queen  
  187  11:53  Corruptor x2  
  191  11:56  Viper  
  191  11:59  Hatchery  
  193  12:04  Drone x2  
  195  12:15  Zerg Missile Weapons Level 3  
  191  12:21  Corruptor x2  
  195  12:27  Queen x2  
  198  12:38  Roach  
  197  12:52  Zerg Flyer Armor Level 1  
  197  12:57  Overseer  
  197  13:02  Hatchery  
  196  13:12  Overlord x2  
  196  13:17  Hatchery  
  195  13:30  Queen  
  188  13:41  Drone  
  188  13:42  Drone x11  
  198  13:50  Drone x4  
  200  14:10  Zerg Melee Weapons Level 1  
  200  14:12  Extractor  
  197  14:27  Roach x2  
  197  14:31  Brood Lord  
  199  14:37  Roach  
  199  14:43  Hatchery  
  192  15:03  Queen x4  
  186  15:10  Ravager x7  
  186  15:12  Ravager x6  
  197  15:28  Extractor  
  197  15:29  Extractor  
  152  15:43  Roach  
  152  15:44  Roach x26  
  199  15:50  Ravager  
  176  16:05  Roach x10  
  169  16:23  Ravager x3  
  169  16:24  Ravager x3  
  164  16:26  Roach x3  
  166  16:33  Roach  
  166  16:36  Drone  
  166  16:37  Drone  
  150  16:41  Drone  
  150  16:46  Ravager  
  152  16:48  Roach x2  
  156  17:04  Drone x7  
  156  17:07  Drone x4  
  167  17:12  Corruptor  
  167  17:15  Drone x4  
  171  17:17  Drone  
  171  17:19  Drone x2  
  176  17:27  Brood Lord  
  178  17:36  Ravager x4  
  182  17:39  Corruptor x3  
  188  17:47  Roach x5  
  198  18:05  Spore Crawler  
  198  18:12  Roach x3  
  199  18:13  Roach x5  
  185  18:33  Brood Lord x2  
  187  18:36  Brood Lord  
  187  18:38  Queen x2  
  191  18:47  Drone x2  
  193  18:51  Hatchery  
  194  18:55  Brood Lord  
  194  19:05  Queen x2  
  194  19:08  Ravager  
  183  19:21  Hatchery  
  170  19:32  Roach  
  170  19:33  Roach x8  
  182  19:57  Ravager x2  
  182  19:58  Ravager  
  182  19:59  Ravager  
  186  20:00  Roach x6  
  186  20:01  Roach  
  198  20:18  Hatchery  
  196  20:29  Roach x3  
  175  20:37  Roach x6  
  175  20:38  Roach x5  
  175  20:41  Roach  
  173  20:44  Overlord  
  164  20:51  Roach x5  
  174  21:06  Ravager  
  174  21:09  Roach x4  
  154  21:36  Roach  
  154  21:37  Roach x6  
  94  22:01  Roach x5  
  94  22:10  Roach x2  
  98  22:16  Ravager x4  
  102  22:26  Ravager x3  
  105  22:37  Roach  
  105  22:38  Roach x2  
  109  22:49  Roach  
Tags
 
Add a new tag
Caveats
  • Supply blocks, unpowered buildings, or Contaminate may cause inaccurate times.
  • Supply counts are checked every 10 seconds.